 Dungeon Crawl Stone Soup version 0.28.0-45-g0d030f2227 (webtiles) character file.

Game seed: 16696563854864916134

847 MisterFreud the Covert (level 8, -4/67 HPs)
             Began as a Gnoll Delver on May 26, 2022.
             Was a Follower of Yredelemnul.
             Slain by a troll (10 damage)
             ... on level 6 of the Dungeon.
             The game lasted 00:07:15 (5403 turns).

MisterFreud the Covert (Gnoll Delver)               Turns: 5403, Time: 00:07:16

Health: -4/67      AC:  3    Str: 12    XL:     8   Next: 1%
Magic:  12/12      EV: 13    Int: 12    God:    Yredelemnul [*.....]
Gold:   206        SH:  0    Dex: 13    Spells: 12/12 levels left

rFire   . . .      SeeInvis .   r - +2 dagger (vamp)
rCold   . . .      Faith    .   (no shield)
rNeg    . . .      Spirit   .   b - +0 leather armour
rPois   .          Reflect  .   (no helmet)
rElec   .          Harm     .   (no cloak)
rCorr   .          Rampage  .   (no gloves)
Will    .....                   (no boots)
Stlth   ++++......              (no amulet)
HPRegen 0.21/turn               (no ring)
MPRegen 0.13/turn               (no ring)

@: no status effects
A: fangs 1, strong nose, distributed training
a: Renounce Religion, Recall Undead Harvest


You were on level 6 of the Dungeon.
You worshipped Yredelemnul.
Yredelemnul was noncommittal.
You visited 1 branch of the dungeon, and saw 6 of its levels.
You also visited: Ossuary.

You collected 228 gold pieces.
You spent 22 gold pieces at shops.

Inventory:

Hand Weapons
 a - a +0 short sword
 r - a +2 vampiric dagger (weapon)
 s - a +3 short sword of speed
Missiles
 d - a throwing net (quivered)
 u - 7 poisoned darts
Armour
 b - a +0 leather armour (worn)
Jewellery
 p - a ring of ice
 q - a ring of resist corrosion
 t - a ring of protection from cold
 v - a +6 ring of dexterity
Wands
 g - a wand of digging (3)
Scrolls
 c - a scroll of fog
 e - 2 scrolls of fear
 k - a scroll of enchant weapon
 l - a scroll of teleportation
 m - 2 scrolls of magic mapping
 o - 2 scrolls of amnesia
Potions
 f - 2 potions of haste
 h - 2 potions of curing
 i - a potion of ambrosia
 j - a potion of brilliance {unknown}
 n - 2 potions of might
 w - a potion of attraction {unknown}
 x - a potion of degeneration {unknown}
 z - a potion of berserk rage {unknown}
 A - a potion of flight {unknown}


   Skills:
 + Level 7.2 Fighting
 + Level 5.4 Short Blades
 + Level 2.8 Long Blades
 + Level 2.8 Axes
 + Level 2.8 Maces & Flails
 + Level 2.8 Polearms
 + Level 2.8 Staves
 + Level 2.8 Slings
 + Level 2.8 Bows
 + Level 2.8 Crossbows
 + Level 2.8 Throwing
 + Level 2.8 Armour
 + Level 5.4 Dodging
 + Level 10.0 Stealth
 + Level 2.8 Shields
 + Level 2.8 Unarmed Combat
 + Level 2.8 Spellcasting
 + Level 2.3 Conjurations
 + Level 2.3 Hexes
 + Level 2.3 Summonings
 + Level 2.3 Necromancy
 + Level 2.3 Translocations
 + Level 2.3 Transmutations
 + Level 2.3 Fire Magic
 + Level 2.3 Ice Magic
 + Level 2.3 Air Magic
 + Level 2.3 Earth Magic
 + Level 2.3 Poison Magic
 + Level 3.1 Invocations
 + Level 2.8 Evocations


You had 12 spell levels left.
You didn't know any spells.
Your spell library contained the following spells:

 Spells                   Type           Power      Damage    Failure   Level
 Freeze                   Ice            28%        1d5       12%         1
 Magic Dart               Conj           28%        1d4       12%         1
 Call Imp                 Summ           7%         N/A       19%         2
 Frozen Ramparts          Ice            14%        1d3       36%         3
 Gell's Gravitas          Tloc           7%         N/A       36%         3
 Mephitic Cloud           Conj/Pois/Air  7%         N/A       36%         3
 Teleport Other           Tloc           7%         N/A       36%         3
 Hailstorm                Conj/Ice       7%         3d4       77%         4
 Fireball                 Conj/Fire      3%         3d4       98%         5
 Iskenderun's Battlesphe  Conj           7%         2d6       98%         5
 Conjure Ball Lightning   Conj/Air       3%         3x3d6     100%        6
 Dispersal                Tloc           3%         N/A       100%        6
 Orb of Destruction       Conj           3%         9d5       100%        7


Dungeon Overview and Level Annotations

Branches:
Dungeon (6/15)            Ossuary (visited)
 Temple: D:4-7

Altars:
Elyvilon
Hepliaklqana
Uskayaw
Yredelemnul
The Shining One

Shops:
D:3 ?   D:6 *


Innate Abilities, Weirdness & Mutations

You have very sharp teeth.
Your uncanny sense of smell can sniff out nearby items.
Your experience applies equally to all skills.


Message History

The ice beast is heavily wounded.
Your bullfrog zombie hits the ice beast.
The ice beast hits you. The ice beast freezes you.
* * * LOW HITPOINT WARNING * * *
You closely miss the ice beast.
The ice beast is severely wounded.
The troll shouts!
Your bullfrog zombie barely misses the ice beast.
The ice beast hits you.
* * * LOW HITPOINT WARNING * * *
The ice beast freezes you!
* * * LOW HITPOINT WARNING * * *
You swap places.
Your bullfrog zombie hits the ice beast but does no damage.
Your orc zombie hits the ice beast but does no damage.
The ice beast hits your orc zombie. The ice beast freezes your orc zombie.
Your orc zombie resists.
Your bullfrog zombie hits the ice beast.
The ice beast hits your bullfrog zombie.
The ice beast freezes your bullfrog zombie.
Your bullfrog zombie resists.
Your orc zombie barely misses the ice beast.
Your bullfrog zombie hits the ice beast.
Your orc zombie hits the ice beast but does no damage.
Your bullfrog zombie hits the ice beast.
The ice beast dies!
A black mist starts to gather...
You have reached level 8!
You feel stronger.
You pick up a book of the Spheres and begin reading...
You add the spells Iskenderun's Battlesphere, Fireball, Conjure Ball Lightning and Orb of Destruction to your library.
Unknown command.
Unknown command.
Unknown command.
There is a stone staircase leading down here.
The troll bites you.
* * * LOW HITPOINT WARNING * * *
The troll misses you. The troll claws you!
You die...
Your body rises from the dead as a mindless zombie.

*#....##.......##
***#........[....#
*,...#...#.......#
*,..............$#
********####Z..#...(...# *###
,,,,,,,,,..#?..#Z......#******...
******,,,.....Z#.......#,,,,,,,##
,* ****##....T>........#******#
,* *#..#..@#####.###**#***#
,*********..##.#!........,,,...##
,,**,,,,,..#*#..######.###***#...
,,,,,******* ##.,,,,,*,* ***#
,,**** ##****,,,*** # ,,* **,,,,*
,,* ***,,* ,,* **** ,,*


You could see a troll (ally target), a friendly spectral ice beast, a friendly
bullfrog zombie and a friendly orc zombie.

Vanquished Creatures
  An ogre (D:4)
  A bullfrog (D:6)
  A howler monkey (D:4)
  A bullfrog skeleton (D:4)
  2 hounds
  An iguana (D:4)
  Jessica (D:3)
  Natasha (twice) (D:3)
  An orc wizard (D:4)
  2 hound zombies (Ossuary)
  A hound skeleton (D:4)
  3 mummies (Ossuary)
  2 gnolls
  9 adders
  2 ufetubi
  2 adder skeletons
  3 adder zombies (Ossuary)
  2 worms (D:2)
  3 dart slugs
  11 orcs
  9 ball pythons
  8 bats
  4 endoplasms
  2 giant cockroaches
  A gnoll zombie (Ossuary)
  9 goblins
  8 hobgoblins
  3 jackals
  6 kobolds
  4 quokkas
  A frilled lizard (D:1)
  2 goblin zombies (Ossuary)
  3 hobgoblin zombies (Ossuary)
  A jackal zombie (Ossuary)
  3 kobold zombies (Ossuary)
  4 orc zombies (Ossuary)
  5 quokka zombies (Ossuary)
  6 rats
  6 rat zombies (Ossuary)
  A spectral orc (D:4)
137 creatures vanquished.

Vanquished Creatures (collateral kills)
  An ice beast (D:6)
  An adder (D:4)
  2 giant cockroaches
  2 goblins
  A hobgoblin (D:1)
  A jackal (D:2)
  A frilled lizard (D:1)
  A kobold (D:2)
10 creatures vanquished.

Vanquished Creatures (others)
  A kobold zombie (D:2)
  6 plants
7 creatures vanquished.

Grand Total: 154 creatures vanquished

Notes
Turn   | Place    | Note
-------+----------+-------------------------------------------
     0 | D:5      | Reached skill level 9 in Stealth
     0 | D:5      | MisterFreud the Gnoll Delver began the quest for the Orb.
     0 | D:5      | Reached XP level 1. HP: 23/23 MP: 1/1
    12 | D:6      | Noticed a hound
    24 | D:6      | Killed a hound
    25 | D:6      | Reached XP level 2. HP: 25/29 MP: 2/2
    25 | D:6      | Reached XP level 3. HP: 30/35 MP: 3/3
    37 | D:6      | Found Xutz's Neck Hole.
    43 | D:6      | Found a sand-covered staircase.
    49 | Ossuary  | Entered an ossuary
   245 | Ossuary  | Reached skill level 1 in Invocations
   312 | Ossuary  | Reached skill level 1 in Long Blades
   312 | Ossuary  | Reached skill level 1 in Axes
   312 | Ossuary  | Reached skill level 1 in Maces & Flails
   312 | Ossuary  | Reached skill level 1 in Polearms
   312 | Ossuary  | Reached skill level 1 in Staves
   312 | Ossuary  | Reached skill level 1 in Slings
   312 | Ossuary  | Reached skill level 1 in Bows
   312 | Ossuary  | Reached skill level 1 in Crossbows
   312 | Ossuary  | Reached skill level 1 in Throwing
   312 | Ossuary  | Reached skill level 1 in Armour
   312 | Ossuary  | Reached skill level 1 in Shields
   312 | Ossuary  | Reached skill level 1 in Unarmed Combat
   312 | Ossuary  | Reached skill level 1 in Spellcasting
   312 | Ossuary  | Reached skill level 1 in Evocations
   312 | Ossuary  | Reached XP level 4. HP: 41/41 MP: 5/5
   531 | Ossuary  | Reached skill level 1 in Conjurations
   531 | Ossuary  | Reached skill level 1 in Hexes
   531 | Ossuary  | Reached skill level 1 in Summonings
   531 | Ossuary  | Reached skill level 1 in Necromancy
   531 | Ossuary  | Reached skill level 1 in Translocations
   531 | Ossuary  | Reached skill level 1 in Transmutations
   531 | Ossuary  | Reached skill level 1 in Fire Magic
   531 | Ossuary  | Reached skill level 1 in Ice Magic
   531 | Ossuary  | Reached skill level 1 in Air Magic
   531 | Ossuary  | Reached skill level 1 in Earth Magic
   531 | Ossuary  | Reached skill level 1 in Poison Magic
   728 | Ossuary  | Reached XP level 5. HP: 41/47 MP: 5/7
  1166 | D:3      | Found a hazy altar of Hepliaklqana.
  1220 | D:3      | Noticed Natasha
  1229 | D:3      | Noticed Jessica
  1235 | D:3      | Killed Jessica
  1268 | D:3      | Killed Natasha
  1520 | D:2      | Reached XP level 6. HP: 53/53 MP: 8/8
  1775 | D:1      | Found a faded altar of an unknown god.
  1806 | D:1      | Prayed at the altar of an unknown god.
  1806 | D:1      | Became a worshipper of Yredelemnul the Dark
  1806 | D:1      | Reached * piety under Yredelemnul
  2086 | D:1      | Reached ** piety under Yredelemnul
  2604 | D:2      | Reached skill level 5 in Short Blades
  2604 | D:2      | Reached skill level 5 in Dodging
  3245 | D:3      | Noticed Natasha
  3276 | D:3      | Killed Natasha
  3443 | D:3      | Found Ciuvun's Magic Scroll Boutique.
  3446 | D:3      | Bought a scroll of identify for 22 gold pieces
  4192 | D:4      | Found a white marble altar of Elyvilon.
  4246 | D:4      | Reached XP level 7. HP: 59/59 MP: 10/10
  4347 | D:4      | Found a hide-covered altar of Uskayaw.
  4633 | D:4      | Found a basalt altar of Yredelemnul.
  5097 | D:5      | Found a glowing golden altar of the Shining One.
  5381 | D:6      | Noticed a troll
  5383 | D:6      | Reached skill level 10 in Stealth
  5400 | D:6      | Reached XP level 8. HP: 6/67 MP: 12/12
  5403 | D:6      | Slain by a troll

Illustrated notes

Levels and vault maps discovered:
D:1:      ebering_hopf_link, layout_loops_ring, basic_ecumenical_altar
D:2:      layout_basic, serial_forest, infiniplex_forest_end_1,
          infiniplex_forest_straight_2, infiniplex_forest_clump_diagonal,
          infiniplex_forest_corner_2, infiniplex_forest_straight_2,
          infiniplex_forest_zigzag_2, infiniplex_forest_end_3,
          infiniplex_forest_pool, infiniplex_forest_straight_4
D:3:      layout_basic, nzn_hepliaklqana_mist_gate, serial_shops,
          nicolae_shop_stone, st_stairs_3, uniq_jessica, uniq_natasha
D:4:      layout_loops_cross, lemuel_round_altar,
          yredelemnul_forgotten_temple_becter, nicolae_elyvilon_temple_path
D:5:      layout_cave_pools, tso_metal_star, minmay_temple_entry_antechambers
D:6:      layout_rooms, grunt_temple_overflow_cloverleaf, enter_ossuary_3,
          minmay_misc_feat_pillars, minmay_misc_feat_ornament,
          chequers_serial_rivers_small_3, nicolae_shop_sticking_my_neck_out,
          uniq_crazy_yiuf_cottage

Skill      XL: |  1  2  3  4  5  6  7 |
---------------+----------------------+-----
Stealth        | 10 | 10.0
Invocations    | 1 2 3 |  3.1
Long Blades    | 1 2 |  2.8
Axes           | 1 2 |  2.8
Maces & Flails | 1 2 |  2.8
Polearms       | 1 2 |  2.8
Staves         | 1 2 |  2.8
Slings         | 1 2 |  2.8
Bows           | 1 2 |  2.8
Crossbows      | 1 2 |  2.8
Throwing       | 1 2 |  2.8
Armour         | 1 2 |  2.8
Shields        | 1 2 |  2.8
Unarmed Combat | 1 2 |  2.8
Spellcasting   | 1 2 |  2.8
Evocations     | 1 2 |  2.8
Conjurations   | 1 2 |  2.3
Hexes          | 1 2 |  2.3
Summonings     | 1 2 |  2.3
Necromancy     | 1 2 |  2.3
Translocations | 1 2 |  2.3
Transmutations | 1 2 |  2.3
Fire Magic     | 1 2 |  2.3
Ice Magic      | 1 2 |  2.3
Air Magic      | 1 2 |  2.3
Earth Magic    | 1 2 |  2.3
Poison Magic   | 1 2 |  2.3
Short Blades   | 5 |  5.4
Dodging        | 5 |  5.4
Fighting       | 7 |  7.2

Action                   |  1- 3 |  4- 6 |  7- 9 || total
-------------------------+-------+-------+-------++-------
Melee: Short sword       |    78 |   316 |    40 ||   434
       Bite              |    13 |    35 |    14 ||    62
       Punch             |     2 |     7 |     3 ||    12
       Dagger            |       |       |    66 ||    66
  Use: Scroll            |     1 |     7 |       ||     8
 Stab: Sleeping          |     2 |    36 |     5 ||    43
       Distracted        |       |     1 |       ||     1
Armor: Leather armour    |    13 |    47 |    11 ||    71
Dodge: Dodged            |    38 |   144 |    42 ||   224
